 Dungeon Crawl Stone Soup version 0.23-a0-143-g1adec7bb76 (webtiles) character file.

193 Jesh the Sneak (level 5, 0/24 HPs)
             Began as a Spriggan Enchanter on Sept 1, 2018.
             Slain by an orc priest
             ... wielding a +0 mace
              (10 damage)
             ... on level 3 of the Dungeon.
             The game lasted 00:09:24 (4027 turns).

Jesh the Sneak (Spriggan Enchanter)                 Turns: 4027, Time: 00:09:24

Health: 0/24       AC:  2    Str:  4    XL:     5   Next: 44%
Magic:  2/13       EV: 18    Int: 17    God:
Gold:   198        SH:  0    Dex: 17    Spells: 1/13 levels left

rFire    . . .     SeeInvis +   a - +1 dagger
rCold    . . .     Gourm    .   (shield restricted)
rNeg     . . .     Faith    .   b - +0 robe
rPois    .         Spirit   .   (helmet restricted)
rElec    .         Reflect  .   (no cloak)
rCorr    .         Harm     .   (gloves unavailable)
MR       .....                  (boots unavailable)
Stlth    +++.......             (no amulet)
HPRegen  0.08/turn              e - ring of wizardry
MPRegen  0.13/turn              (no ring)

@: very quick
A: very small, unfitting armour, see invisible, herbivore, speed 3, slow
metabolism 2
a: no special abilities


You were on level 3 of the Dungeon.
You were not hungry.

You visited 1 branch of the dungeon, and saw 4 of its levels.

You collected 198 gold pieces.

Inventory:

Hand Weapons
 a - a +1 dagger (weapon)
Armour
 b - a +0 robe (worn)
Jewellery
 e - a ring of wizardry (left hand)
Scrolls
 j - a scroll of fear
 m - a scroll of amnesia
Potions
 f - 5 potions of curing
 g - a potion of resistance
 h - a potion of ambrosia {unknown}
 i - a potion of mutation {unknown}
 k - a potion of lignification {unknown}
 l - a potion of cancellation {unknown}
Comestibles
 d - 3 rations


   Skills:
 - Level 1.1 Short Blades
 - Level 3.0 Dodging
 + Level 5.8 Stealth
 - Level 4.9 Spellcasting
 - Level 5.5 Hexes


You had one spell level left.
You knew the following spells:

 Your Spells              Type           Power        Failure   Level  Hunger
a - Ensorcelled Hibernat  Hex/Ice        ##....       2%          2    #......
b - Corona                Hex            ###....      1%          1    None
c - Confuse               Hex            ###.....     1%          3    ###....
d - Tukima's Dance        Hex            ###.....     1%          3    ###....
e - Dazzling Spray        Conj/Hex       ##....       6%          3    ###....

Your spell library contained the following spells:

 Spells                   Type           Power        Failure   Level  Hunger
 Flame Tongue             Conj/Fire      #....        6%          1    None
 Inner Flame              Hex/Fire       ##......     6%          3    ###....
 Throw Flame              Conj/Fire      #.....       9%          2    #......
 Conjure Flame            Conj/Fire      #.......     17%         3    ###....
 Sticky Flame             Conj/Fire      #.......     47%         4    ####...
 Fireball                 Conj/Fire      #.........   82%         5    ######.


Dungeon Overview and Level Annotations

Branches:
Dungeon (4/15)
 Temple: D:4-7

Altars:
Cheibriados

Annotations:
D:4 Eustachio


Innate Abilities, Weirdness & Mutations

You are very small and have problems with some larger weapons.
You are too small for most types of armour.
You have supernaturally acute eyesight. (SInv)
You are a herbivore.
You cover ground extremely quickly.
You need to consume almost no food.


Message History

You climb upwards.
There is a stone staircase leading down here.
Unknown command.
Okay, then.
Unknown command.
You hit the orc but do no damage.
The orc is severely wounded.
The orc priest hits you with a mace!
* * * LOW HITPOINT WARNING * * *
The orc misses you.
You feel much better. The orc priest completely misses you. The orc misses you.
You hit the orc but do no damage.
The orc is severely wounded.
The orc priest closely misses you. The orc hits you with a morningstar!
You hit the orc.
You kill the orc!
The orc priest looks braver for a moment.
You hit the orc priest but do no damage.
The orc priest hits you with a mace!
You die...

#.....##############...
#..................'.).
#......#############..[
#......##...........)##
###......##............##
#........##............'.
#######.#....#.##).........[.##
#....##.#....#.###########.....
#.##.##.######@)...............
#†##.##.#.....o....#######.....
#.##....#..........# #........
#.#######..........# #.#######
#.# #......#.##### #.# ####
#.### #.####.#.# #.# #... #...#
#.# #.#.# #.# #.). ###.###.#
#.#.# #.# #... #.....# #.#.####
#.####...


You could see an orc priest.

Vanquished Creatures
  An ogre (D:2)
  3 adders
  An ooze (D:1)
  A worm (D:3)
  A dart slug (D:2)
  4 leopard geckos
  6 orcs
  4 bats
  3 giant cockroaches
  11 goblins
  8 hobgoblins
  A jackal (D:3)
  7 kobolds
  2 quokkas (D:3)
  6 frilled lizards
  7 rats
66 creatures vanquished.

Notes
Turn   | Place    | Note
-------+----------+-------------------------------------------
     0 | D:1      | Jesh the Spriggan Enchanter began the quest for the Orb.
     0 | D:1      | Reached XP level 1. HP: 9/9 MP: 5/5
   486 | D:1      | Reached XP level 2. HP: 13/13 MP: 7/7
   493 | D:1      | Learned a level 2 spell: Ensorcelled Hibernation
  1453 | D:2      | Reached XP level 3. HP: 11/16 MP: 1/9
  1458 | D:2      | Learned a level 3 spell: Confuse
  1462 | D:2      | Learned a level 3 spell: Tukima's Dance
  2175 | D:2      | Noticed an ogre
  2213 | D:2      | Killed an ogre
  2213 | D:2      | Reached skill level 5 in Hexes
  2213 | D:2      | Reached XP level 4. HP: 18/21 MP: 4/11
  2392 | D:2      | Reached XP level 5. HP: 24/24 MP: 13/13
  2629 | D:3      | Found a snail-covered altar of Cheibriados.
  2739 | D:3      | Learned a level 3 spell: Dazzling Spray
  2926 | D:3      | Reached skill level 5 in Stealth
  4009 | D:4      | Noticed Eustachio
  4027 | D:3      | Slain by an orc priest

Vault maps used:
D:1:      elethiomel_arrival_quiet
D:3:      minmay_door_path, lemuel_tele_altar
D:4:      first_ration, nicolae_elemental_shop, uniq_eustachio

Skill      XL: |  1  2  3  4  5 |
---------------+----------------+-----
Spellcasting   | 3 4 |  4.9
Hexes          | 4 5 |  5.5
Stealth        | 5 |  5.8
Short Blades   | |  1.1
Dodging        | |  3.0

Action                   |  1- 3 |  4- 6 || total
-------------------------+-------+-------++-------
Melee: Dagger            |    99 |    84 ||   183
 Cast: Corona            |     3 |       ||     3
       Ensorcelled Hiber |    12 |    20 ||    32
       Confuse           |     1 |       ||     1
       Dazzling Spray    |       |     3 ||     3
  Use: Scroll            |     3 |     5 ||     8
       Potion            |       |     1 ||     1
 Stab: Sleeping          |    18 |    22 ||    40
       Confused          |     1 |       ||     1
  Eat: Ration            |       |     1 ||     1
Armor: Robe              |     5 |    10 ||    15
Dodge: Dodged            |    59 |    73 ||   132

Table legend:
 A = Non-vault XP
 B = Vault XP
 C = Vault XP percentage of total XP
 D = Non-vault monster count
 E = Vault monster count
 F = Vault count percentage of total count
                 A         B        C        D         E       F
            +---------+---------+-------+---------+---------+-------
      Total |     273 |       4 |   1.4 |      64 |       2 |   3.0
            +---------+---------+-------+---------+---------+-------
        D:1 |      34 |       0 |   0.0 |      17 |       0 |   0.0
        D:2 |     167 |       0 |   0.0 |      19 |       0 |   0.0
        D:3 |      53 |       4 |   7.0 |      25 |       2 |   7.4
        D:4 |      19 |       0 |   0.0 |       3 |       0 |   0.0
            +---------+---------+-------+---------+---------+-------
